 Dungeon Crawl Stone Soup version 0.31-a0-222-gefeffbb62a (webtiles) character file.

Game seed: 16895963510061928444

479 qw the Shooter (level 6, -1/52 HPs)
             Began as a Minotaur Hexslinger on July 4, 2023.
             Was an Initiate of Okawaru.
             Slain by a shadow imp (5 damage)
             ... summoned by Eustachio
             ... on level 4 of the Dungeon.
             The game lasted 00:01:16 (2863 turns).

qw the Shooter (Minotaur Hexslinger)                Turns: 2863, Time: 00:01:16

Health: -1/52      AC:  4    Str: 13    XL:     6   Next: 86%
Magic:  6/6        EV: 12    Int: 10    God:    Okawaru [......]
Gold:   159        SH:  0    Dex: 14    Spells: 6/7 levels left

rFire   + . .        Y - +2 sling
rCold   . . .        (no shield)
rNeg    . . .        e - +1 leather armour {rF+}
rPois   .            (helmet restricted)
rElec   .            (no cloak)
rCorr   .            (no gloves)
SInv    .            (no boots)
Will    .....        (no amulet)
Stlth   +            (no ring)
HPRegen 0.28/turn    (no ring)
MPRegen 0.10/turn

%: no passive effects
@: no status effects
A: horns 2, retaliatory headbutt
a: Renounce Religion


You were on level 4 of the Dungeon.
You worshipped Okawaru.
Okawaru was noncommittal.
You visited 1 branch of the dungeon, and saw 4 of its levels.

You collected 159 gold pieces.


Innate Abilities, Weirdness & Mutations

You have a pair of horns on your head.
You reflexively headbutt those who attack you in melee.


   Skills:
 - Level 4.1 Fighting
 + Level 7.3 Ranged Weapons
 - Level 2.1 Dodging
 - Level 1.0 Spellcasting
 - Level 2.0 Hexes


You had 6 spell levels left.
You knew the following spells:

 Your Spells              Type           Power      Damage    Failure   Level
a - Slow                  Hex            16%        N/A       19%         1

Your spell library contained the following spells:

 Spells                   Type           Power      Damage    Failure   Level
 Inner Flame              Hex/Fire       2%         N/A       65%         3
 Portal Projectile        Hex/Tloc       4%         N/A       65%         3
 Cause Fear               Hex            2%         N/A       88%         4

Inventory:

Hand Weapons
 Y - a +2 sling (weapon)
Armour
 e - a +1 leather armour of fire resistance (worn)
Scrolls
 a - a scroll of identify
Potions
 f - a potion of cancellation {unknown}
 g - a potion of curing
 h - 2 potions of mutation {unknown}
 i - a potion of enlightenment {unknown}
 j - a potion of degeneration {unknown}

Dungeon Overview and Level Annotations

Branches:
Dungeon (4/15)
 Temple: D:4-7

Altars:
Okawaru

Annotations:
D:4 Eustachio


Message History

You shoot a sling bullet.
The sling bullet barely misses Eustachio.
The crimson imp barely misses you.
Eustachio gestures wildly while chanting.
The crimson imp barely misses you.
You shoot a sling bullet. The sling bullet hits Eustachio.
Eustachio is almost dead.
The crimson imp disappears in a puff of smoke!
Eustachio mumbles some strange words.
The shadow imp closely misses you.
You shoot a sling bullet.
The sling bullet completely misses Eustachio.
The sling bullet barely misses the quasit.
The sling bullet hits the shadow imp!
The shadow imp is severely wounded.
The bat hits you. The bat barely misses you. Eustachio barely misses you.
You furiously retaliate!
You headbutt Eustachio. The quokka completely misses you.
The shadow imp barely misses you. You furiously retaliate!
You headbutt the shadow imp! You shoot a sling bullet.
The sling bullet closely misses Eustachio.
The sling bullet hits the quasit but does no damage.
You hear a shout!
The bat hits you but does no damage. The bat hits you.
The quokka bites you but does no damage.
An orc comes into view. It is wielding a +0 dagger.
Eustachio hits you with a +0 rapier! The shadow imp hits you.
You shoot a sling bullet. The sling bullet hits Eustachio.
Eustachio is almost dead.
The bat hits you but does no damage. The bat misses you.
You furiously retaliate!
You headbutt the bat!
You kill the bat!
The bat's corpse disappears in a puff of smoke!
The quokka bites you.
Eustachio casts a spell.
Eustachio blinks!
The shadow imp hits you.
You shoot a sling bullet.
The sling bullet barely misses the shadow imp.
The quokka bites you. The shadow imp hits you.
You die...

########.......##.......#.#....#
##.....#####.:...........
######...## #..)###.#..###
#<.......# ##.####.#..#
#.####.### #.........### #.# #.#
######......# #.# #.#
###########..#.#.# #.#
#.####ยค5..........#.... #.#
#..5.5@########.#####.# #.#
#######r#.#.###...#<..# ..#
.@.........#...#
.#.#.#####...... ..... ##.##.#
.# #.# #.##.# .. ..#####.##.# .#
###.......# #.##.#...


You could see Eustachio, a quasit (summoned), 2 shadow imps and a quokka
(summoned).

Vanquished Creatures
  An ogre (D:4)
  A phantom (D:4)
  A hound (D:4)
  2 orc priests (D:4)
  2 iguanas (D:4)
  Natasha (twice) (D:3)
  5 adders
  A worm (D:3)
  5 dart slugs
  7 orcs
  4 endoplasms
  3 giant cockroaches
  7 goblins
  A hobgoblin (D:2)
  6 jackals (D:1)
  A quokka (D:2)
  7 ball pythons
  4 bats
  5 frilled lizards
  7 kobolds
  5 rats
77 creatures vanquished.

Notes
Turn   | Place    | Note
-------+----------+-------------------------------------------
     0 | D:1      | qw the Minotaur Hexslinger began the quest for the Orb.
     0 | D:1      | Reached XP level 1. HP: 16/16 MP: 1/1
     0 | D:1      | 0 ||| qw: Version: 0.3-a-46-gb1f654a
     0 | D:1      | 0 ||| qw: Game counter: 965
     0 | D:1      | 0 ||| qw: Melee chars always use a shield: true
     0 | D:1      | 0 ||| qw: God list: Okawaru
     0 | D:1      | 0 ||| qw: Allow faded altars: false
     0 | D:1      | 0 ||| qw: Do Orc after clearing Dungeon:15 true
     0 | D:1      | 0 ||| qw: Do second Lair branch before Depths: true
     0 | D:1      | 0 ||| qw: Lair rune preference: random
     0 | D:1      | 0 ||| qw: Goals: Normal
     0 | D:1      | 0 ||| PLANNING D:1-11
    59 | D:1      | You fall into a shaft and drop 1 floor!
    61 | D:2      | 61 ||| FLEEEEING.
    64 | D:2      | 64 ||| STAIRDANCE
    72 | D:1      | Reached skill level 3 in Ranged Weapons
    77 | D:1      | Reached XP level 2. HP: 13/23 MP: 2/2
    80 | D:1      | HP: 4/23 [goblin/+0 dagger (4)]
   142 | D:1      | 142 ||| FLEEEEING.
   336 | D:1      | Reached XP level 3. HP: 29/29 MP: 3/3
   465 | D:1      | 465 ||| DROPPING ring of wizardry.
   466 | D:1      | 466 ||| READING 2 scrolls labelled YLUYDA WASU.
   467 | D:1      | 467 ||| READING scroll labelled UROBBAJ OCOE.
   468 | D:1      | 468 ||| DROPPING scroll of poison.
   590 | D:2      | Reached skill level 4 in Ranged Weapons
   821 | D:2      | Reached XP level 4. HP: 35/36 MP: 4/4
  1051 | D:2      | 1051 ||| UPGRADING to +1 leather armour of fire resistance.
  1061 | D:2      | 1061 ||| DROPPING +0 robe.
  1062 | D:2      | 1062 ||| READING 2 scrolls labelled CEBBAH IMUCH.
  1063 | D:2      | 1063 ||| READING 2 scrolls labelled JIEWKY LAPOINK.
  1066 | D:2      | 1066 ||| READING scroll labelled GUANOA TOHE.
  1067 | D:2      | 1067 ||| DRINKING 2 orange potions.
  1068 | D:2      | 1068 ||| DROPPING scroll of blinking.
  1170 | D:3      | Identified the +11 morningstar of Termination {antimagic,
                  | *Noise rCorr Int+4}
  1363 | D:3      | Reached skill level 5 in Ranged Weapons
  1869 | D:3      | Noticed Natasha
  1875 | D:3      | Killed Natasha
  1876 | D:3      | Reached skill level 3 in Fighting
  1876 | D:3      | Reached XP level 5. HP: 42/45 MP: 5/5
  1984 | D:3      | Found an iron altar of Okawaru.
  1985 | D:3      | 1985 ||| PLANNING OKAWARU WORSHIP
  1988 | D:3      | 1988 ||| READING scroll labelled RAVETE JEPU.
  2089 | D:3      | 2089 ||| READING scroll labelled IGHALA YRYWKA.
  2092 | D:3      | Became a worshipper of Warmaster Okawaru
  2093 | D:3      | 2093 ||| PLANNING D:1-11
  2301 | D:3      | Noticed Natasha
  2306 | D:3      | Killed Natasha
  2507 | D:4      | Reached skill level 6 in Ranged Weapons
  2518 | D:4      | 2518 ||| FLEEEEING.
  2519 | D:4      | 2519 ||| FLEEEEING.
  2520 | D:4      | 2520 ||| FLEEEEING.
  2523 | D:4      | 2523 ||| STAIRDANCE
  2578 | D:4      | Noticed an ogre
  2589 | D:4      | Reached XP level 6. HP: 38/52 MP: 6/6
  2594 | D:4      | Reached * piety under Okawaru
  2595 | D:4      | 2595 ||| INVOKING Heroism.
  2603 | D:4      | HP: 9/52 [orc priest/+1 heavy flail (7)]
  2604 | D:4      | 2604 ||| READING scroll of teleportation.
  2818 | D:4      | Reached skill level 7 in Ranged Weapons
  2835 | D:4      | Noticed Eustachio
  2836 | D:4      | 2836 ||| INVOKING Heroism.
  2861 | D:4      | HP: 9/52 [shadow imp[Eustachio] (5)]
  2863 | D:4      | HP: 4/52 [quokka[Eustachio] (1)]
  2863 | D:4      | Slain by a shadow imp

Levels and vault maps discovered:
D:1:      eino_arrival_tree_alley, layout_rooms
D:2:      layout_loops_cross
D:3:      minmay_general_purpose_star, layout_basic,
          hellmonk_okawaru_the_only_friend_you_need, uniq_natasha
D:4:      layout_loops_ring, minmay_misc_feat_tiny, st_stairs_12,
          minmay_manual_mess, uniq_crazy_yiuf_cottage, uniq_eustachio,
          uniq_robin

Skill      XL: |  1  2  3  4  5  6 |
---------------+-------------------+-----
Ranged Weapons | 3 4 5 6 7 |  7.3
Fighting       | 2 3 4 |  4.1
Dodging        | |  2.1
Spellcasting   | |  1.0
Hexes          | |  2.0

Action                     |  1- 3 |  4- 6 || total
---------------------------+-------+-------++-------
   Fire: Sling             |    99 |   174 ||   273
 Invoke: Heroism           |       |     2 ||     2
    Use: Scroll            |     2 |     6 ||     8
         Potion            |       |     1 ||     1
 Armour: Robe              |     6 |       ||     6
         Leather armour    |       |    22 ||    22
  Dodge: Dodged            |    54 |    71 ||   125

Table legend:
 A = Non-vault XP
 B = Vault XP
 C = Vault XP percentage of total XP
 D = Non-vault monster count
 E = Vault monster count
 F = Vault count percentage of total count
                 A         B        C        D         E       F
            +---------+---------+-------+---------+---------+-------
      Total |     646 |      39 |   5.7 |      73 |       4 |   5.2
            +---------+---------+-------+---------+---------+-------
        D:1 |      47 |       0 |   0.0 |      26 |       0 |   0.0
        D:2 |      79 |       0 |   0.0 |      19 |       0 |   0.0
        D:3 |      87 |      39 |  31.0 |      17 |       4 |  19.0
        D:4 |     433 |       0 |   0.0 |      11 |       0 |   0.0
            +---------+---------+-------+---------+---------+-------
